 Dungeon Sprint DCSS version 0.18.1-50-g88ac8fd (webtiles) character file.

4600000 Ropoloid1 the Talismancer (level 23, -2/219 HPs)
             Began as a Demonspawn Artificer on Oct 28, 2016.
             Was the Champion of Makhleb.
             Slain by a destroyer
             ... wielding a +9 great sword of slicing
              (55 damage)
             ... in the Dungeon (Sprint VIII: "Arena of Blood").
             The game lasted 00:01:37 (46 turns).

Ropoloid1 the Talismancer (Demonspawn Artificer)      Turns: 46, Time: 00:01:38

Health: -2/219     AC: 10    Str: 19    XL:     23   Next: 85%
Magic:  12/53      EV: 30    Int: 15    God:    Makhleb [******]
Gold:   0          SH:  4    Dex: 15    Spells: 0 memorised, 75 levels left

rFire  . . .     SeeInvis +     m - +∞ Axe of Woe
rCold  . . .     Gourm    .     b - +0 leather armour
rNeg   . . .     Faith    .     (shield currently unavailable)
rPois  .         Spirit   .     (helmet unavailable)
rElec  .         Dismiss  .     (no cloak)
rCorr  .         Reflect  .     (no gloves)
SustAt .         Harm     .     (no boots)
MR     +....     NoTele   +     (no amulet)
Stlth  ++++++++++               (no ring)
                                n - ring of see invisible

@: somewhat resistant to hostile enchantments, uncannily stealthy
A: horns 3, large bone plates 3, foul stench 2, nightstalker 3, augmentation 3,
rot immunity
a: Minor Destruction, Lesser Servant of Makhleb, Major Destruction, Greater
Servant of Makhleb, Renounce Religion


You were in the Dungeon.
You worshipped Makhleb.
Makhleb was exalted by your worship.
You were not hungry.

You visited 1 branch

Inventory:

Hand Weapons
 a - a +0 short sword
 m - the +∞ Axe of Woe (weapon)
   (You found it in the Dungeon)
Armour
 b - a +0 leather armour (worn)
Jewellery
 n - a ring of see invisible (left hand)
Wands
 c - a wand of flame (15/48)
 d - a wand of enslavement (15/24)
 e - a wand of random effects (15/48)
Scrolls
 l - a scroll of blinking
Potions
 g - a potion of curing
 h - a potion of heal wounds
 i - a potion of haste
 j - 2 potions of magic
 k - a potion of berserk rage
Comestibles
 f - a bread ration


   Skills:
 O Level 27 Fighting
 O Level 27 Short Blades
 O Level 27 Axes
 O Level 27 Throwing
 O Level 27 Armour
 O Level 27 Dodging
 O Level 27 Stealth
 + Level 26.9 Unarmed Combat
 + Level 26.8 Spellcasting
 O Level 27 Invocations
 O Level 27 Evocations


You had 75 spell levels left.
You didn't know any spells.

Dungeon Overview and Level Annotations

Branches:
Dungeon (1/1)

Altars:
Makhleb


Innate Abilities, Weirdness & Mutations

You have a pair of large horns on your head.
You are completely covered in large bone plates (AC +4, SH +4).
You frequently emit foul miasma when damaged in melee.
You are completely attuned to the shadows.
Your magical and physical power is greatly enhanced at high health.
You are immune to rotting.


Message History

Unknown command.
You hear a shout! x12
A bag of meat comes into view. It is wielding a +9 war axe.
Things that are here:
a +9 great sword of slicing; a +200 ring of slaying A hydra and a vampire knight come into view.
You hear a shout! x7
A bag of meat comes into view. It is wielding a +9 war axe.
You hear a shout! x10 2 orcs and a skeletal warrior come into view.
You hear a shout! x9
The bag of meat moves out of view.
You hear a shout!
The bag of meat moves out of view.
You hear a shout!
The sculptor of flesh moves out of view.
The destroyer hits you with a +9 great sword of slicing!!!!!
Ouch! That really hurt!
* * * LOW HITPOINT WARNING * * *
You die...

......)%%.%..O..
......))).......#
......§§)......#.
....%§§§§§...##..
.o.#o..%)§..#....
.. oD%..§)..#...
..##.#).†.... ..
...V%........
#...@#.....#
............
.......)....
......).....
############


You could see an eight-headed meat hydra (wandering), a destroyer and 2 bags of
meat.

Vanquished Creatures
  2 vampire knights (D)
  8 ogres (D)
  A hydra (D)
  27 orcs (D)
  3 hill giants (D)
41 creatures vanquished.

Notes
Turn   | Place    | Note
--------------------------------------------------------------
     0 | D        | Ropoloid1 the Demonspawn Artificer began the quest for the Orb.
     0 | D        | Reached XP level 1. HP: 15/15 MP: 3/3
     4 | D        | Noticed a bag of meat
     4 | D        | Became a worshipper of Makhleb the Destroyer
     6 | D        | Noticed a bag of meat
     7 | D        | Noticed a bag of meat
     7 | D        | Noticed a bag of meat
     8 | D        | Noticed a bag of meat
     8 | D        | Noticed a meat berserker
     8 | D        | Noticed a meat berserker
     8 | D        | Noticed a bag of meat
     8 | D        | Noticed a bag of meat
     8 | D        | Noticed a bag of meat
     9 | D        | Noticed a bag of meat
     9 | D        | Noticed a bag of meat
     9 | D        | Noticed a bag of meat
    10 | D        | Noticed a bag of meat
    10 | D        | Noticed a meat berserker
    10 | D        | Noticed a bag of meat
    10 | D        | Noticed a bag of meat
    10 | D        | Noticed a bag of meat
    10 | D        | Noticed a bag of meat
    11 | D        | Noticed a bag of meat
    11 | D        | Noticed a bag of meat
    11 | D        | Killed a bag of meat
    11 | D        | Reached skill level 5 in Fighting
    11 | D        | Gained mutation: You have a pair of small horns on your head. [demonic ancestry]
    11 | D        | Reached XP level 2. HP: 21/28 MP: 3/14
    11 | D        | Gained mutation: You are slightly more attuned to the shadows. [demonic ancestry]
    11 | D        | Reached XP level 3. HP: 26/34 MP: 3/15
    11 | D        | Gained mutation: You are significantly more attuned to the shadows. [demonic ancestry]
    11 | D        | Reached XP level 4. HP: 30/40 MP: 3/17
    11 | D        | Gained mutation: You are completely attuned to the shadows. [demonic ancestry]
    11 | D        | Reached XP level 5. HP: 35/46 MP: 3/18
    11 | D        | Gained mutation: You are partially covered in large bone plates (AC +2, SH +2). [demonic ancestry]
    11 | D        | Reached XP level 6. HP: 39/52 MP: 3/20
    11 | D        | Gained mutation: You are immune to rotting. [demonic ancestry]
    11 | D        | Reached XP level 7. HP: 43/57 MP: 3/21
    11 | D        | Gained mutation: You are mostly covered in large bone plates (AC +3, SH +3). [demonic ancestry]
    11 | D        | Reached XP level 8. HP: 48/64 MP: 3/23
    11 | D        | Reached XP level 9. HP: 52/69 MP: 3/24
    11 | D        | Reached XP level 10. HP: 58/76 MP: 3/25
    11 | D        | Gained mutation: You have a pair of horns on your head. [demonic ancestry]
    11 | D        | Reached XP level 11. HP: 61/81 MP: 3/26
    11 | D        | Killed a meat berserker
    11 | D        | Reached * piety under Makhleb
    11 | D        | Reached skill level 27 in Evocations
    11 | D        | Gained mutation: You have a pair of large horns on your head. [demonic ancestry]
    11 | D        | Reached XP level 12. HP: 72/95 MP: 3/29
    11 | D        | Gained mutation: You may emit foul miasma when damaged in melee. [demonic ancestry]
    11 | D        | Reached XP level 13. HP: 77/101 MP: 3/30
    12 | D        | Killed a bag of meat
    12 | D        | Reached skill level 5 in Axes
    12 | D        | Gained mutation: You are completely covered in large bone plates (AC +4, SH +4). [demonic ancestry]
    12 | D        | Reached XP level 14. HP: 11/113 MP: 3/31
    12 | D        | Killed a bag of meat
    12 | D        | Reached ** piety under Makhleb
    12 | D        | Killed a bag of meat
    12 | D        | Reached skill level 10 in Short Blades
    12 | D        | Reached skill level 5 in Stealth
    12 | D        | Gained mutation: Your magical and physical power is slightly enhanced at high health. [demonic ancestry]
    12 | D        | Reached XP level 15. HP: 13/126 MP: 3/32
    12 | D        | Killed a meat berserker
    12 | D        | Reached *** piety under Makhleb
    12 | D        | Reached skill level 10 in Axes
    12 | D        | Reached skill level 10 in Armour
    12 | D        | Reached XP level 16. HP: 142/143 MP: 3/33
    13 | D        | Reached **** piety under Makhleb
    13 | D        | Gained mutation: Your magical and physical power is enhanced at high health. [demonic ancestry]
    13 | D        | Reached XP level 17. HP: 158/158 MP: 3/34
    13 | D        | Reached ***** piety under Makhleb
    13 | D        | Reached skill level 27 in Dodging
    13 | D        | Killed a meat berserker
    13 | D        | Reached skill level 15 in Short Blades
    13 | D        | Reached skill level 15 in Armour
    14 | D        | Noticed a meat berserker
    14 | D        | Noticed a meat berserker
    14 | D        | Gained mutation: Your magical and physical power is greatly enhanced at high health. [demonic ancestry]
    14 | D        | Reached XP level 18. HP: 177/177 MP: 4/35
    14 | D        | Reached skill level 10 in Stealth
    14 | D        | Reached skill level 27 in Fighting
    14 | D        | Reached ****** piety under Makhleb
    14 | D        | Reached XP level 19. HP: 189/189 MP: 4/36
    15 | D        | Noticed a meat berserker
    15 | D        | Reached skill level 27 in Axes
    17 | D        | Killed a meat berserker
    17 | D        | Killed a meat berserker
    17 | D        | Gained mutation: You frequently emit foul miasma when damaged in melee. [demonic ancestry]
    17 | D        | Reached XP level 20. HP: 197/197 MP: 4/37
    17 | D        | Killed a meat berserker
    17 | D        | Reached skill level 27 in Short Blades
    17 | D        | Reached skill level 27 in Armour
    19 | D        | Reached XP level 21. HP: 204/204 MP: 5/38
    19 | D        | Reached skill level 27 in Stealth
    22 | D        | Reached skill level 15 in Invocations
    25 | D        | Reached XP level 22. HP: 212/212 MP: 6/42
    31 | D        | Noticed a destroyer
    32 | D        | Noticed a destroyer
    32 | D        | Reached skill level 27 in Invocations
    34 | D        | Killed a destroyer
    34 | D        | Reached XP level 23. HP: 219/219 MP: 8/50
    41 | D        | Killed a destroyer
    41 | D        | Reached skill level 27 in Throwing
    44 | D        | Noticed a destroyer
    46 | D        | Slain by a destroyer

Skill      XL: |  1  2  3  4  5  6  7  8  9 10 11 12 13 14 15 16 17 18 19 20 21 22 23 |
---------------+----------------------------------------------------------------------+-----
Fighting       | 5 9 11 14 18 21 25 27 | 27.0
Short Blades   | 4 7 8 10 12 13 15 17 24 27 | 27.0
Axes           | 2 3 5 8 11 14 20 25 27 | 27.0
Dodging        | 11 16 18 21 24 26 27 | 27.0
Evocations     | 22 27 | 27.0
Armour         | 4 8 11 13 16 18 26 27 | 27.0
Stealth        | 3 5 6 7 9 11 16 24 27 | 27.0
Throwing       | 16 23 27 | 27.0
Unarmed Combat | 16 23 26 | 26.9
Spellcasting   | 16 23 26 | 26.8
Invocations    | 22 27 | 27.0

Action                   |  1- 3 |  4- 6 |  7- 9 | 10-12 | 13-15 | 16-18 | 19-21 | 22-24 || total
-------------------------+-------+-------+-------+-------+-------+-------+-------+-------++-------
Melee: Executioner's axe |     1 |       |       |       |     1 |     2 |     8 |     5 ||    17
Dodge: Dodged            |       |       |       |       |     2 |     1 |       |       ||     3
